SAAA
ALLOWAY HALBERDS @ PORT ROYAL DISASTER
07/20/2029
 
TOP OF THE 1ST
Alloway Halberds batting - Pitching for Port Royal Disaster : RHP Ismael Barrios
Pitching: RHP Ismael Barrios
Batting: LHB Juan Caro 0-0: Called Strike
0-1: Ball
1-1: Foul Ball, location: 2F
1-2: Ground out 1-3 (Groundball, 13)
Batting: LHB Ricardo Ríos 0-0: Called Strike
0-1: Ball
1-1: Ball
2-1: Ball
3-1: Base on Balls
Batting: LHB José Zarate 0-0: Called Strike
0-1: Ball
1-1: Called Strike
1-2: Ball
2-2: Ball
3-2: Strikes out swinging
Ricardo Ríos is caught stealing 2nd base
Batter strikes out.
Top of the 1st over - 0 runs, 0 hits, 0 errors, 0 left on base; Alloway 0 - Port Royal 0
BOTTOM OF THE 1ST
Port Royal Disaster batting - Pitching for Alloway Halberds : RHP Ryan Dull
Pitching: RHP Ryan Dull
Batting: LHB Ricky Payton 0-0: Ball
1-0: Ball
2-0: Ball
3-0: Called Strike
3-1: Ground out 5-3 (Groundball, 56S)
Batting: RHB David McJannett 0-0: Ball
1-0: Called Strike
1-1: Ball
2-1: Swinging Strike
2-2: SINGLE (Line Drive, 89S)
Batting: RHB Wrangler Haresnape 0-0: Ball
1-0: Ball
2-0: Ball
3-0: Base on Balls
David McJannett to second
Batting: RHB Mark Melton 0-0: Ball
1-0: Ball
2-0: Ball
3-0: Base on Balls
David McJannett to third
Wrangler Haresnape to second
Batting: RHB Marvin Hunter 0-0: Fly out, F9 (Flyball, 9)
Runner from 3rd tags up, SCORES, throw made
Batting: RHB Brandon Cooper 0-0: Called Strike
0-1: SINGLE (Groundball, 6MD)
Wrangler Haresnape to third
Mark Melton to second
Runner from 3rd tries for Home, SAFE, no throw
Batting: RHB Loren Stallings 0-0: Ball
Wild Pitch!
Mark Melton to third
Brandon Cooper to second
1-0: Ball
2-0: Called Strike
2-1: Foul Ball, location: 2F
2-2: Ball
3-2: Foul Ball, location: 2F
3-2: Base on Balls
Batting: LHB António Quintero 0-0: Ball
1-0: Foul Ball, location: 2F
1-1: Ball
2-1: Ground out 4-3 (Groundball, 4)
Bottom of the 1st over - 2 runs, 2 hits, 0 errors, 3 left on base; Alloway 0 - Port Royal 2
TOP OF THE 2ND
Alloway Halberds batting - Pitching for Port Royal Disaster : RHP Ismael Barrios
Batting: RHB Jarred Morgan 0-0: Called Strike
0-1: Called Strike
0-2: Foul Ball, location: 2F
0-2: Fly out, F9 (Flyball, 9LSF)
Batting: RHB Vito Middendorf 0-0: Called Strike
0-1: Fly out, F8 (Flyball, 8LS)
Batting: RHB Carlos De Jesús 0-0: Ball
1-0: Called Strike
1-1: Swinging Strike
1-2: Ball
2-2: Foul Ball, location: 2F
2-2: Foul Ball, location: 2F
2-2: Ball
3-2: Fly out, F8 (Flyball, 8LD)
Top of the 2nd over - 0 runs, 0 hits, 0 errors, 0 left on base; Alloway 0 - Port Royal 2
BOTTOM OF THE 2ND
Port Royal Disaster batting - Pitching for Alloway Halberds : RHP Ryan Dull
Batting: RHB Winston Sparks 0-0: Ball
1-0: Fly out, F7 (Flyball, 7S)
Batting: LHB Ricky Payton 0-0: Ground out 5-3 (Groundball, 5D)
Batting: RHB David McJannett 0-0: Ball
1-0: Ball
2-0: Ball
3-0: Called Strike
3-1: Foul Ball, location: 2F
3-2: Foul Ball, location: 2F
3-2: Base on Balls
Batting: RHB Wrangler Haresnape 0-0: Foul Ball, location: 2F
0-1: Ground out 6-3 (Groundball, 6S)
Bottom of the 2nd over - 0 runs, 0 hits, 0 errors, 1 left on base; Alloway 0 - Port Royal 2
TOP OF THE 3RD
Alloway Halberds batting - Pitching for Port Royal Disaster : RHP Ismael Barrios
Batting: RHB Jordan Hollins 0-0: Foul Ball, location: 2F
0-1: Ball
1-1: Ball
2-1: Ball
3-1: Ground out 6-3 (Groundball, 6MS)
Batting: RHB Juan Salinas 0-0: Ball
1-0: Ball
2-0: Foul Ball, location: 2F
2-1: Foul Ball, location: 2F
2-2: Foul Ball, location: 2F
2-2: SINGLE (Groundball, 4MD)
Batting: LHB Ramón Rivera 0-0: Ball
1-0: Ground out 4-3 (Groundball, 34)
Juan Salinas to second
Batting: LHB Juan Caro 0-0: Ball
1-0: Swinging Strike
1-1: Foul Ball, location: 2F
1-2: Ball
2-2: Strikes out looking
Top of the 3rd over - 0 runs, 1 hit, 0 errors, 1 left on base; Alloway 0 - Port Royal 2
BOTTOM OF THE 3RD
Port Royal Disaster batting - Pitching for Alloway Halberds : RHP Ryan Dull
Batting: RHB Mark Melton 0-0: Ball
1-0: Ball
2-0: Foul Ball, location: 2F
2-1: Foul Ball, location: 2F
2-2: Ball
3-2: Fly out, F9 (Flyball, 9)
Batting: RHB Marvin Hunter 0-0: Ball
1-0: Ball
2-0: Called Strike
2-1: Ball
3-1: Base on Balls
Batting: RHB Brandon Cooper 0-0: Ball
Marvin Hunter steals 2nd base
1-0: Ball
2-0: Ball
3-0: Base on Balls
Batting: RHB Loren Stallings 0-0: Called Strike
0-1: Called Strike
0-2: Ball
1-2: Foul Ball, location: 2F
1-2: Ball
2-2: Foul Ball, location: 2F
2-2: Ball
3-2: Fly out, F8 (Line Drive, 8LD)
Batting: LHB António Quintero 0-0: Ball
1-0: Foul Ball, location: 2F
1-1: Swinging Strike
Passed Ball!
Marvin Hunter to third
Brandon Cooper to second
1-2: Foul Ball, location: 2F
1-2: Strikes out swinging
Bottom of the 3rd over - 0 runs, 0 hits, 0 errors, 2 left on base; Alloway 0 - Port Royal 2
TOP OF THE 4TH
Alloway Halberds batting - Pitching for Port Royal Disaster : RHP Ismael Barrios
Batting: LHB Ricardo Ríos 0-0: Called Strike
0-1: Ball
1-1: Ground out 4-3 (Groundball, 4M)
Batting: LHB José Zarate 0-0: Called Strike
0-1: Ball
1-1: Ground out 2-3 (Groundball, 15S)
Batting: RHB Jarred Morgan 0-0: Ground out 5-3 (Groundball, 56S)
Top of the 4th over - 0 runs, 0 hits, 0 errors, 0 left on base; Alloway 0 - Port Royal 2
BOTTOM OF THE 4TH
Port Royal Disaster batting - Pitching for Alloway Halberds : RHP Ryan Dull
Batting: RHB Winston Sparks 0-0: Ball
1-0: Called Strike
1-1: Ball
2-1: Called Strike
2-2: Strikes out swinging
Batting: LHB Ricky Payton 0-0: Ball
1-0: Foul Ball, location: 2F
1-1: Ball
2-1: Ball
3-1: Base on Balls
Batting: RHB David McJannett 0-0: Ball
1-0: Fly out, F4 (Line Drive, 4M)
Batting: RHB Wrangler Haresnape 0-0: Ball
Ricky Payton steals 2nd base
1-0: Foul Ball, location: 2F
1-1: Foul Ball, location: 2F
1-2: Foul Ball, location: 2F
1-2: Foul Ball, location: 2F
1-2: Foul Ball, location: 2F
1-2: Ball
2-2: Foul Ball, location: 2F
2-2: Strikes out swinging
Bottom of the 4th over - 0 runs, 0 hits, 0 errors, 1 left on base; Alloway 0 - Port Royal 2
TOP OF THE 5TH
Alloway Halberds batting - Pitching for Port Royal Disaster : RHP Ismael Barrios
Batting: RHB Vito Middendorf 0-0: SINGLE (Groundball, 34D)
Batting: RHB Carlos De Jesús 0-0: Ball
1-0: Ball
Vito Middendorf steals 2nd base
2-0: Called Strike
2-1: Foul Ball, location: 2F
2-2: Ground out 6-3 (Groundball, 6M)
Vito Middendorf to third
Batting: RHB Jordan Hollins 0-0: Ball
1-0: Ball
2-0: Swinging Strike
2-1: SINGLE (Groundball, 6) (infield hit)
Vito Middendorf scores
Batting: RHB Juan Salinas 0-0: Foul Ball, location: 2F
0-1: Ball
1-1: Swinging Strike
1-2: Fly out, F8 (Line Drive, 8RD)
Runner from 1st tags up, SAFE at 2nd
Batting: LHB Ramón Rivera 0-0: Ball
1-0: Ball
2-0: Swinging Strike
2-1: SINGLE (Groundball, 6D)
Jordan Hollins to third
Runner from 3rd tries for Home, SAFE, no throw
Batting: LHB Juan Caro 0-0: Ball
1-0: Ball
2-0: Foul Ball, location: 2F
2-1: Foul Ball, location: 2F
2-2: Foul Ball, location: 2F
2-2: Ground out 4-3 (Groundball, 4)
Top of the 5th over - 2 runs, 3 hits, 0 errors, 1 left on base; Alloway 2 - Port Royal 2
BOTTOM OF THE 5TH
Port Royal Disaster batting - Pitching for Alloway Halberds : RHP Ryan Dull
Batting: RHB Mark Melton 0-0: Called Strike
0-1: Ball
1-1: Ball
2-1: Ball
3-1: Base on Balls
Batting: RHB Marvin Hunter 0-0: Called Strike
0-1: Fly out, F7 (Flyball, 7LM)
Batting: RHB Brandon Cooper 0-0: Ball
1-0: Foul Ball, location: 2F
1-1: Called Strike
1-2: Ball
2-2: Foul Ball, location: 2F
2-2: Strikes out swinging
Batting: RHB Loren Stallings 0-0: Called Strike
0-1: Ground out 1-3 (Groundball, 13S)
Bottom of the 5th over - 0 runs, 0 hits, 0 errors, 1 left on base; Alloway 2 - Port Royal 2
TOP OF THE 6TH
Alloway Halberds batting - Pitching for Port Royal Disaster : RHP Ismael Barrios
Batting: LHB Ricardo Ríos 0-0: Ball
1-0: Ball
2-0: Ball
3-0: Called Strike
3-1: SINGLE (Line Drive, 8RS)
Batting: LHB José Zarate 0-0: Ball
1-0: Swinging Strike
1-1: Ball
2-1: Foul Ball, location: 2F
2-2: Fly out, F9 (Flyball, 9S)
Batting: RHB Jarred Morgan 0-0: Ball
1-0: Ball
2-0: Ball
3-0: Called Strike
3-1: Base on Balls
Ricardo Ríos to second
Batting: RHB Vito Middendorf 0-0: Called Strike
0-1: Ball
1-1: Called Strike
1-2: Strikes out swinging
Batting: RHB Carlos De Jesús 0-0: Ball
1-0: Ball
2-0: Ball
3-0: Base on Balls
Ricardo Ríos to third
Jarred Morgan to second
Pitching: RHP Alfredo Hernández
Batting: RHB Jordan Hollins 0-0: SINGLE (Groundball, 34D)
Ricardo Ríos scores
Jarred Morgan to third
Carlos De Jesús to second
Runner from 3rd tries for Home, SAFE, no throw
Batting: RHB Juan Salinas 0-0: Called Strike
0-1: Ball
1-1: Fly out, F3 (Popup, 3S)
Top of the 6th over - 2 runs, 2 hits, 0 errors, 2 left on base; Alloway 4 - Port Royal 2
BOTTOM OF THE 6TH
Port Royal Disaster batting - Pitching for Alloway Halberds : RHP Ryan Dull
Batting: LHB António Quintero 0-0: Ball
1-0: Called Strike
1-1: Ball
2-1: Ball
3-1: Called Strike
3-2: Ground out 4-3 (Groundball, 4D)
Batting: RHB Winston Sparks 0-0: Foul Ball, location: 2F
0-1: Reached on error, E5 (Groundball, 56S)
Pitching: RHP Willie Simmons
Batting: LHB Ricky Payton 0-0: Fielders Choice at 2nd, 4-6 (Groundball, 34)
Batting: RHB David McJannett 0-0: Ball
1-0: Ball
2-0: Called Strike
2-1: DOUBLE (Flyball, 8RD)
Ricky Payton to third
Runner from 3rd tries for Home, SAFE, no throw
Batting: RHB Wrangler Haresnape 0-0: Ball
1-0: Fly out, F8 (Flyball, 8LD)
Bottom of the 6th over - 1 run, 1 hit, 1 error, 1 left on base; Alloway 4 - Port Royal 3
TOP OF THE 7TH
Alloway Halberds batting - Pitching for Port Royal Disaster : RHP Alfredo Hernández
Batting: LHB Ramón Rivera 0-0: Ball
1-0: Ball
2-0: Ball
3-0: Base on Balls
Pinch Hitting: LHB Armando Becerra 0-0: Ball
1-0: Grounds into double play, 4-6-3 (Groundball, 4)
Batting: LHB Ricardo Ríos 0-0: Ball
1-0: Ball
2-0: Called Strike
2-1: Ball
3-1: Base on Balls
Batting: LHB José Zarate 0-0: Ball
1-0: Ball
Ricardo Ríos is caught stealing 2nd base
Top of the 7th over - 0 runs, 0 hits, 0 errors, 0 left on base; Alloway 4 - Port Royal 3
BOTTOM OF THE 7TH
Port Royal Disaster batting - Pitching for Alloway Halberds : RHP Willie Simmons
Pitching: RHP Francisco García
Now in CF: Toby Kamin
Batting: RHB Mark Melton 0-0: Ball
1-0: Ball
2-0: Foul Ball, location: 2F
2-1: Foul Ball, location: 2F
2-2: Ground out 5-3 (Groundball, 56S)
Batting: RHB Marvin Hunter 0-0: Called Strike
0-1: Ball
1-1: Ball
2-1: Ball
3-1: Fly out, F8 (Flyball, 8RM)
Batting: RHB Brandon Cooper 0-0: Called Strike
0-1: Called Strike
0-2: Foul Ball, location: 2F
0-2: Ball
1-2: Ball
2-2: Foul Ball, location: 2F
2-2: Strikes out swinging passed ball, reaches first!
Pinch Hitting: LHB Rubén López 0-0: Foul Ball, location: 2F
0-1: Ball
1-1: Foul Ball, location: 2F
1-2: DOUBLE (Flyball, 8LXD)
Brandon Cooper to third
Runner from 3rd tries for Home, SAFE, no throw
Pinch Hitting: LHB Davis Mills 0-0: Called Strike
0-1: Ball
1-1: Ball
2-1: Fly out, F9 (Line Drive, 89D)
Bottom of the 7th over - 1 run, 1 hit, 0 errors, 1 left on base; Alloway 4 - Port Royal 4
TOP OF THE 8TH
Alloway Halberds batting - Pitching for Port Royal Disaster : RHP Alfredo Hernández
Now at SS: Nelson Abbey
Now in LF: Davis Mills
Batting: LHB José Zarate 0-0: Fly out, F7 (Flyball, 78D)
Batting: RHB Jarred Morgan 0-0: Ball
1-0: Ball
2-0: Ball
3-0: Called Strike
3-1: Base on Balls
Batting: RHB Vito Middendorf 0-0: Ball
1-0: Foul Ball, location: 2F
1-1: Called Strike
1-2: Ball
2-2: Strikes out swinging
Batting: RHB Carlos De Jesús 0-0: Ball
1-0: Fielders Choice at 2nd, 5-4 (Groundball, 56)
Top of the 8th over - 0 runs, 0 hits, 0 errors, 1 left on base; Alloway 4 - Port Royal 4
BOTTOM OF THE 8TH
Port Royal Disaster batting - Pitching for Alloway Halberds : RHP Francisco García
Batting: RHB Winston Sparks 0-0: Ball
1-0: Ball
2-0: Fly out, F8 (Flyball, 8RD)
Batting: LHB Ricky Payton 0-0: SINGLE (Groundball, 4MD)
Batting: RHB David McJannett 0-0: SINGLE (Line Drive, 8LS)
Ricky Payton to second
Batting: RHB Wrangler Haresnape 0-0: Ball
1-0: Ball
2-0: Foul Ball, location: 2F
2-1: Called Strike
2-2: Strikes out swinging
Batting: RHB Mark Melton 0-0: Fly out, F7 (Flyball, 78D)
Bottom of the 8th over - 0 runs, 2 hits, 0 errors, 2 left on base; Alloway 4 - Port Royal 4
TOP OF THE 9TH
Alloway Halberds batting - Pitching for Port Royal Disaster : RHP Alfredo Hernández
Pitching: RHP Will Moore
Batting: RHB Jordan Hollins 0-0: Ball
1-0: Ball
2-0: Ball
3-0: Base on Balls
Batting: RHB Juan Salinas 0-0: Ball
1-0: Ball
2-0: Foul Ball, location: 2F
2-1: Grounds into double play, 6-4-3 (Groundball, 6M)
Batting: LHB Ramón Rivera 0-0: Ball
1-0: Ground out 6-3 (Groundball, 6)
Top of the 9th over - 0 runs, 0 hits, 0 errors, 0 left on base; Alloway 4 - Port Royal 4
BOTTOM OF THE 9TH
Port Royal Disaster batting - Pitching for Alloway Halberds : RHP Francisco García
Batting: RHB Marvin Hunter 0-0: Ball
1-0: Ball
2-0: Ball
3-0: Called Strike
3-1: Base on Balls
Pitching: RHP Shi-lin Li
Batting: RHB Brandon Cooper 0-0: Ball
Passed Ball!
Marvin Hunter to second
1-0: Intentional Walk
Batting: RHB Nelson Abbey 0-0: Sac Bunt - play at first, batter OUT! 1-4
Marvin Hunter to third
Brandon Cooper to second
Batting: LHB Davis Mills 0-0: Intentional Walk
Batting: RHB Winston Sparks 0-0: Foul Ball, location: 2F
0-1: Foul Ball, location: 2F
0-2: Fly out, F7 (Flyball, 78S)
Runner from 3rd tags up, SCORES, throw made
Tuesday, December 19th, 2017 - OOTP Baseball 18.8 Build 76